 Dungeon Crawl Stone Soup version 0.14-a0-1007-gacdcbbe (webtiles) character file.

310 PolkaDot the Ruinous (level 5, -1/35 HPs)
             Began as a Vampire Conjurer on Nov 22, 2013.
             Slain by an orc
             ... wielding a +0,+0 club
              (2 damage)
             ... on Level 4 of the Dungeon.
             The game lasted 00:12:39 (3814 turns).

PolkaDot the Ruinous (Vampire Conjurer)             Turns: 3814, Time: 00:12:39

HP  -1/35        AC  3     Str  7      XL: 5   Next: 51%
MP   3/10        EV 12     Int 18      God:
Gold 107         SH  8     Dex 14      Spells:  3 memorised,  1 level left

Res.Fire  : . . .   See Invis. : +   r - +1 elf dagger
Res.Cold  : . . .   Warding    : .   a - +0 robe
Life Prot.: . . .   Conserve   : .   o - +0 buckler (curse)
Res.Poison: .       Res.Corr.  : .   (no helmet)
Res.Elec. : .       Clarity    : .   d - +0 cloak
Sust.Abil.: . .     Spirit.Shd : .   (no gloves)
Res.Mut.  : .       Stasis     : .   (no boots)
Res.Rott. : .       Flight     : .   k - amulet of the gourmand {unknown}
Saprovore : . . .                    (no ring)
                                     (no ring)

@: regenerating quickly, mildly poisoned, constricted, slightly resistant to
hostile enchantments, stealthy
A: fangs 3, see invisible, unbreathing
a: no special abilities


You were on level 4 of the Dungeon.
You were full.

You visited 1 branch of the dungeon, and saw 4 of its levels.

You collected 107 gold pieces.

Inventory:

Hand weapons
 r - a +1,+1 elven dagger (weapon)
Armour
 a - a +0 robe (worn)
 d - a +0 cloak (worn)
 o - a cursed +0 buckler (worn)
Scrolls
 b - a scroll of amnesia {unknown}
 e - 2 scrolls of enchant weapon II
 f - a scroll of blinking {unknown}
 g - 2 scrolls of remove curse {unknown}
 i - 2 scrolls of identify
 p - a scroll of recharging {unknown}
 s - a scroll of noise {unknown}
 t - a scroll of fear {unknown}
 u - a scroll of magic mapping {unknown}
 v - a scroll of enchant armour {unknown}
Jewellery
 k - an amulet of the gourmand (around neck) {unknown}
 n - an uncursed ring of positive energy {unknown}
 q - an uncursed ring of fire {unknown}
Potions
 j - a potion of restore abilities
 m - a potion of magic
 w - a potion of berserk rage {unknown}
 x - a potion of paralysis {unknown}
Books
 c - a book of Conjurations

   Spells                             Type                      Level
   *Magic Dart                        Conjuration                  1
   *Searing Ray                       Conjuration                  2
   Dazzling Spray                     Conjuration/Hexes            3
   *Iskenderun's Mystic Blast         Conjuration                  4
   Iskenderun's Battlesphere          Conjuration/Charms           4
   Fulminant Prism                    Conjuration/Hexes            5


   Skills:
 - Level 2.1 Dodging
 - Level 3.0 Stealth
 - Level 1.6 Shields
 - Level 2.0 Spellcasting
 * Level 4.6 Conjurations


You had one spell level left.
You knew the following spells:

 Your Spells              Type           Power        Failure   Level  Hunger
a - Magic Dart            Conj           ###.         2%          1    #......
b - Iskenderun's Mystic   Conj           ###.....     28%         4    #####..
s - Searing Ray           Conj           ###...       4%          2    ##.....


Dungeon Overview and Level Annotations

Branches:
Dungeon (4/16)
 Temple: D:4-7

Altars:


Innate Abilities, Weirdness & Mutations

Your natural rate of healing is unusually fast.
You have razor-sharp teeth.*
You have supernaturally acute eyesight.
You can survive without breathing.*


Message History

You feel sick. You block the worker ant's attack.
The worker ant closely misses you.
Found a papyrus book.
A worm comes into view.
The hobgoblin hits you with an orcish club.
* * * LOW HITPOINT WARNING * * *
Found a sling.
Found a stone staircase leading up.
Drink which item? (? for menu, Esc to quit)
Okay, then.
Read which item? (? for menu, Esc to quit)
As you read the scroll labeled HIOGAS MYWN, it crumbles to dust.
Your +0 buckler glows black for a moment.
It was a scroll of curse armour.
You block the ball python skeleton's attack.
* * * LOW HITPOINT WARNING * * *
The ball python skeleton grabs you.
* * * LOW HITPOINT WARNING * * *
The ball python skeleton constricts you.
The orc hits you with a club.
You die...

)..######
.........#
..w.......#
...w.......# .
...........###...
................
..:.$....a.......
........@g..#
<.......zoJ.#
.......o...#
...........#
...........#
.$........#
.........##
.........#
.........#


You could see 2 worms, an ooze, a worker ant, 2 orcs, a hobgoblin and a ball
python skeleton.

Vanquished Creatures
  An orc priest (D:3)
  A worker ant (D:3)
  7 adders
  2 giant geckos
  11 orcs (D:3)
  4 bats
  13 goblins
  7 hobgoblins
  4 jackals (D:2)
  2 giant cockroaches
  7 giant newts
  13 kobolds
  6 rats
78 creatures vanquished.

Notes
Turn   | Place    | Note
--------------------------------------------------------------
     0 | D:1      | PolkaDot, the Vampire Conjurer, began the quest for the Orb.
     0 | D:1      | Reached XP level 1. HP: 13/13 MP: 4/4
   253 | D:1      | Reached XP level 2. HP: 19/19 MP: 0/5
   600 | D:1      | Learned a level 2 spell: Searing Ray
  1350 | D:2      | Reached XP level 3. HP: 21/24 MP: 1/7
  2653 | D:3      | Reached skill level 1 in Shields
  2653 | D:3      | Reached XP level 4. HP: 12/30 MP: 5/9
  3058 | D:3      | Learned a level 4 spell: Iskenderun's Mystic Blast
  3162 | D:3      | Reached skill level 4 in Conjurations
  3224 | D:3      | Reached XP level 5. HP: 35/35 MP: 6/10
  3814 | D:4      | HP: 1/35 [ball python skeleton (1)]
  3814 | D:4      | Slain by an orc

Action                   |  1- 3 |  4- 6 || total
-------------------------+-------+-------++-------
Melee: Unarmed           |    24 |    44 ||    68
 Cast: Magic Dart        |    70 |    17 ||    87
       Searing Ray       |     7 |    15 ||    22
  Use: Potion            |       |     6 ||     6
       Scroll            |       |     5 ||     5
